[ AOE2 MATCH · #478630465 ]
Team RMSlavs vs Koreans
[ REPLAY ANALYSIS · EXTRACTED FROM THE RECORDED GAME ]
Feudal
12:46
Castle
29:35
Imperial
—
| APM avg | 26.1 |
| APM peak | 64 |
| eAPM avg | 12.1 |
| Villagers / military | 57 / 9 |
Focus
⚔️ 38.4% · 🌾 61.6%
Boyar ×5 · Scout Cavalry ×4
Feudal
15:00
Castle
22:54
Imperial
—
| APM avg | 37.4 |
| APM peak | 66 |
| eAPM avg | 17.8 |
| Villagers / military | 59 / 8 |
Focus
⚔️ 42.2% · 🌾 57.8%
Longbowman ×6 · Militia ×2
Feudal
13:03
Castle
—
Imperial
—
| APM avg | 29.2 |
| APM peak | 73 |
| eAPM avg | 12.2 |
| Villagers / military | 56 / 29 |
Focus
⚔️ 27.6% · 🌾 72.4%
Archer ×23 · Spearman ×6
Feudal
11:18
Castle
19:34
Imperial
—
| APM avg | 35.7 |
| APM peak | 53 |
| eAPM avg | 17.8 |
| Villagers / military | 87 / 27 |
Focus
⚔️ 29.8% · 🌾 70.2%
Konnik ×17 · Militia ×8 · Spearman ×2
Feudal
14:01
Castle
17:48
Imperial
—
| APM avg | 58.4 |
| APM peak | 87 |
| eAPM avg | 28.8 |
| Villagers / military | 116 / 57 |
Focus
⚔️ 14.9% · 🌾 85.1%
Knight ×52 · Fishing Ship ×10 · Monk ×3 · Scorpion ×2
Feudal
13:34
Castle
20:37
Imperial
—
| APM avg | 28.4 |
| APM peak | 63 |
| eAPM avg | 15.4 |
| Villagers / military | 95 / 32 |
Focus
⚔️ 17.9% · 🌾 82.1%
Mangudai ×28 · Battering Ram ×4
Feudal
14:22
Castle
18:01
Imperial
—
| APM avg | 32.9 |
| APM peak | 58 |
| eAPM avg | 19.0 |
| Villagers / military | 120 / 29 |
Focus
⚔️ 24.0% · 🌾 76.0%
Janissary ×21 · Mangonel ×4 · Scorpion ×4
Feudal
13:43
Castle
17:16
Imperial
29:43
| APM avg | 40.5 |
| APM peak | 73 |
| eAPM avg | 24.5 |
| Villagers / military | 161 / 2 |
Focus
⚔️ 24.2% · 🌾 75.8%
Unknown (2550) ×117 · Monk ×2
Match map
Initial resources + every placement click. Lines = walls · curves = elevation contours. ◆ gold · ⬟ stone · ● berries · ✦ relic · ◌ wall gap
Your base· Open — 6t gap
Kickerous's base· Open — unwalled flank
AOKI_Shogi's base· Open — unwalled flank
nono12's base· Open — unwalled flank
busy pushing deer's base· Open — unwalled flank
Yarcla's base· Open — unwalled flank
B.'s base· Open — 6t gap
[ARKP]Anthoxx's base· Open — unwalled flank
Smoothed initial terrain · ◌ = detected wall gap · hover for details
Inputs per minute
— Great Serbia - - Kickerous
Build order — Great Serbia
116 actions detected in the replay
| 0:29 | Build | Town Center |
| 1:11 | Build | House |
| 2:45 | Create | Villager (Male) |
| 2:45 | Create | Villager (Male) |
| 2:46 | Create | Villager (Male) |
| 2:46 | Create | Villager (Male) |
| 3:51 | Create | Villager (Male) |
| 4:14 | Build | House |
| 4:17 | Create | Villager (Male) |
| 4:57 | Create | Villager (Male) |
| 5:16 | Create | Villager (Male) |
| 5:16 | Create | Villager (Male) |
| 5:41 | Create | Villager (Male) |
| 5:42 | Create | Villager (Male) |
| 6:27 | Build | Lumber Camp |
| 6:37 | Build | House |
| 6:51 | Create | Villager (Male) |
| 7:22 | Create | Villager (Male) |
| 7:44 | Create | Villager (Male) |
| 8:19 | Create | Villager (Male) |
| 8:43 | Create | Villager (Male) |
| 9:18 | Build | Mill |
| 9:21 | Create | Villager (Male) |
| 9:27 | Build | House |
| 9:32 | Create | Villager (Male) |
| 9:48 | Create | Villager (Male) |
| 10:19 | Build | Mining Camp |
| 10:25 | Research | Feudal Age |
| 10:26 | Research | Loom |
| 11:46 | Build | Palisade Wall |
| 11:49 | Build | Palisade Wall |
| 12:12 | Build | Barracks |
| 12:46 | Age | Feudal Age |
| 13:49 | Build | Lumber Camp |
| 14:02 | Create | Villager (Male) |
| 14:02 | Create | Villager (Male) |
| 14:22 | Research | Double-Bit Axe |
| 14:25 | Create | Villager (Male) |
| 14:57 | Build | Mill |
| 15:01 | Create | Villager (Male) |
| 15:23 | Build | Stable |
| 15:34 | Research | Wheelbarrow |
| 16:26 | Build | Mining Camp |
| 16:27 | Create | Scout Cavalry |
| 16:27 | Create | Scout Cavalry |
| 16:40 | Build | Mill |
| 17:16 | Create | Villager (Male) |
| 17:17 | Create | Villager (Male) |
| 17:17 | Create | Villager (Male) |
| 17:45 | Create | Scout Cavalry |
| 18:06 | Create | Villager (Male) |
| 18:20 | Create | Villager (Male) |
| 18:43 | Create | Scout Cavalry |
| 19:00 | Create | Villager (Male) |
| 19:20 | Create | Villager (Male) |
| 19:22 | Build | House |
| 21:37 | Build | Town Center |
| 22:21 | Create | Villager (Male) |
| 22:22 | Create | Villager (Male) |
| 22:23 | Create | Villager (Male) |
| 22:37 | Build | Mill |
| 23:03 | Build | Mill |
| 23:07 | Create | Villager (Male) |
| 24:06 | Create | Villager (Male) |
| 24:06 | Create | Villager (Male) |
| 24:41 | Create | Villager (Male) |
| 24:58 | Create | Villager (Male) |
| 25:13 | Create | Villager (Male) |
| 25:16 | Build | Mining Camp |
| 25:42 | Create | Villager (Male) |
| 26:09 | Build | Blacksmith |
| 26:30 | Create | Villager (Male) |
| 26:53 | Research | Castle Age |
| 26:53 | Research | Castle Age |
| 27:08 | Research | Stone Mining |
| 27:13 | Research | Gold Mining |
| 27:26 | Research | Horse Collar |
| 28:01 | Build | House |
| 28:22 | Build | House |
| 28:22 | Build | House |
| 28:38 | Research | Bloodlines |
| 29:35 | Age | Castle Age |
| 29:36 | Create | Villager (Male) |
| 29:37 | Create | Villager (Male) |
| 29:45 | Build | Town Center |
| 29:52 | Create | Villager (Male) |
| 30:29 | Research | Scale Barding Armor |
| 30:30 | Research | Forging |
| 30:38 | Research | Husbandry |
| 30:41 | Create | Villager (Male) |
| 30:41 | Create | Villager (Male) |
| 30:42 | Create | Villager (Male) |
| 30:50 | Create | Villager (Male) |
| 31:10 | Research | Bow Saw |
| 31:13 | Create | Villager (Male) |
| 31:34 | Create | Villager (Male) |
| 32:11 | Build | Castle |
| 32:16 | Create | Villager (Male) |
| 32:16 | Create | Villager (Male) |
| 32:17 | Create | Villager (Male) |
| 32:17 | Create | Villager (Male) |
| 32:17 | Create | Villager (Male) |
| 32:46 | Research | Chain Barding Armor |
| 32:48 | Create | Villager (Male) |
| 32:54 | Create | Villager (Male) |
| 33:00 | Research | Heavy Plow |
| 33:21 | Build | Farm |
| 33:24 | Build | Farm |
| 33:28 | Build | Farm |
| 33:34 | Create | Boyar |
| 33:35 | Create | Boyar |
| 34:03 | Create | Boyar |
| 34:03 | Create | Boyar |
| 34:20 | Create | Boyar |
| 34:40 | Build | Town Center |
| 35:04 | Build | Mill |
Build order — Kickerous
102 actions detected in the replay
| 0:10 | Build | Town Center |
| 0:20 | Build | House |
| 2:42 | Create | Villager (Male) |
| 2:43 | Create | Villager (Male) |
| 2:43 | Create | Villager (Male) |
| 2:43 | Create | Villager (Male) |
| 2:44 | Create | Villager (Male) |
| 3:43 | Create | Villager (Male) |
| 3:43 | Create | Villager (Male) |
| 4:17 | Create | Villager (Male) |
| 4:43 | Create | Villager (Male) |
| 4:43 | Create | Villager (Male) |
| 4:44 | Create | Villager (Male) |
| 5:20 | Create | Villager (Male) |
| 5:20 | Create | Villager (Male) |
| 5:20 | Create | Villager (Male) |
| 5:33 | Build | House |
| 5:41 | Create | Villager (Male) |
| 5:41 | Create | Villager (Male) |
| 5:41 | Create | Villager (Male) |
| 6:05 | Create | Villager (Male) |
| 6:15 | Build | Lumber Camp |
| 7:44 | Create | Villager (Male) |
| 7:58 | Create | Villager (Male) |
| 8:07 | Build | House |
| 8:27 | Research | Loom |
| 8:52 | Create | Villager (Male) |
| 8:52 | Create | Villager (Male) |
| 9:20 | Create | Villager (Male) |
| 10:05 | Create | Villager (Male) |
| 10:21 | Create | Villager (Male) |
| 10:41 | Create | Villager (Male) |
| 10:55 | Build | House |
| 11:30 | Create | Villager (Male) |
| 12:00 | Build | Barracks |
| 12:06 | Create | Villager (Male) |
| 12:07 | Create | Villager (Male) |
| 12:14 | Create | Villager (Male) |
| 12:17 | Build | Mill |
| 12:35 | Build | Mill |
| 12:50 | Research | Feudal Age |
| 12:50 | Research | Feudal Age |
| 13:28 | Create | Militia |
| 13:29 | Create | Militia |
| 13:40 | Build | Mining Camp |
| 13:43 | Create | Villager (Male) |
| 14:58 | Create | Villager (Male) |
| 15:00 | Age | Feudal Age |
| 15:15 | Build | Lumber Camp |
| 15:26 | Create | Villager (Male) |
| 16:03 | Create | Villager (Male) |
| 16:04 | Create | Villager (Male) |
| 16:19 | Create | Villager (Male) |
| 16:19 | Create | Villager (Male) |
| 17:23 | Create | Villager (Male) |
| 17:24 | Create | Villager (Male) |
| 18:06 | Build | Market |
| 18:27 | Build | House |
| 19:06 | Build | Mining Camp |
| 19:19 | Create | Villager (Male) |
| 19:19 | Create | Villager (Male) |
| 19:47 | Build | Blacksmith |
| 20:00 | Create | Villager (Male) |
| 20:01 | Create | Villager (Male) |
| 20:10 | Research | Castle Age |
| 20:11 | Research | Castle Age |
| 21:48 | Create | Villager (Male) |
| 21:49 | Create | Villager (Male) |
| 22:54 | Age | Castle Age |
| 23:17 | Build | Castle |
| 23:20 | Research | Fletching |
| 23:20 | Research | Fletching |
| 23:20 | Research | Fletching |
| 23:44 | Create | Villager (Male) |
| 23:45 | Create | Villager (Male) |
| 23:59 | Research | Bodkin Arrow |
| 23:59 | Research | Bodkin Arrow |
| 24:48 | Create | Villager (Male) |
| 24:48 | Create | Villager (Male) |
| 24:59 | Build | Mining Camp |
| 25:25 | Create | Villager (Male) |
| 25:38 | Create | Longbowman |
| 25:51 | Create | Longbowman |
| 26:08 | Create | Villager (Male) |
| 26:08 | Create | Villager (Male) |
| 26:10 | Create | Villager (Male) |
| 26:11 | Create | Villager (Male) |
| 26:48 | Create | Longbowman |
| 26:48 | Create | Longbowman |
| 28:12 | Build | Palisade Wall |
| 28:14 | Build | Palisade Wall |
| 28:25 | Create | Villager (Male) |
| 29:12 | Create | Villager (Male) |
| 29:37 | Build | Castle |
| 29:52 | Create | Villager (Male) |
| 30:07 | Build | Mining Camp |
| 31:42 | Build | Castle |
| 32:13 | Create | Villager (Male) |
| 32:36 | Build | Castle |
| 33:18 | Create | Villager (Male) |
| 35:39 | Create | Longbowman |
| 35:39 | Create | Longbowman |
Build order — AOKI_Shogi
First 150 of 174 actions detected
| 1:01 | Build | Town Center |
| 1:20 | Build | House |
| 2:56 | Create | Villager (Male) |
| 2:56 | Create | Villager (Male) |
| 2:57 | Create | Villager (Male) ×2 |
| 2:57 | Create | Villager (Male) |
| 4:06 | Create | Villager (Male) |
| 4:28 | Build | House |
| 4:36 | Create | Villager (Male) |
| 4:37 | Create | Villager (Male) |
| 4:44 | Build | Lumber Camp |
| 5:18 | Create | Villager (Male) |
| 5:18 | Create | Villager (Male) |
| 5:53 | Build | House |
| 6:04 | Create | Villager (Male) |
| 6:04 | Create | Villager (Male) |
| 6:09 | Research | Loom |
| 6:23 | Build | House |
| 6:45 | Create | Villager (Male) |
| 6:51 | Create | Villager (Male) |
| 6:59 | Build | Palisade Wall |
| 7:08 | Build | Palisade Wall |
| 7:12 | Build | Palisade Wall |
| 7:16 | Build | Palisade Wall |
| 7:55 | Create | Villager (Male) |
| 8:15 | Create | Villager (Male) |
| 8:24 | Create | Villager (Male) |
| 9:04 | Create | Villager (Male) |
| 9:26 | Build | Mining Camp |
| 9:30 | Create | Villager (Male) |
| 9:36 | Create | Villager (Male) |
| 10:49 | Build | Barracks |
| 10:53 | Research | Feudal Age |
| 12:09 | Build | Mill |
| 12:42 | Create | Villager (Male) |
| 13:03 | Age | Feudal Age |
| 13:09 | Build | Archery Range |
| 13:11 | Research | Double-Bit Axe |
| 13:13 | Create | Villager (Male) |
| 13:41 | Create | Villager (Male) |
| 13:45 | Build | Archery Range |
| 13:53 | Create | Archer |
| 13:53 | Create | Archer |
| 13:56 | Build | Palisade Wall |
| 13:58 | Build | Palisade Wall |
| 14:11 | Create | Villager (Male) |
| 14:44 | Create | Villager (Male) |
| 14:46 | Build | House |
| 14:50 | Create | Archer |
| 14:51 | Create | Archer |
| 14:52 | Create | Villager (Male) |
| 14:54 | Build | Blacksmith |
| 15:08 | Research | Town Watch |
| 15:22 | Create | Villager (Male) |
| 15:40 | Create | Villager (Male) |
| 16:07 | Create | Villager (Male) |
| 16:11 | Create | Archer |
| 16:17 | Research | Fletching |
| 16:28 | Create | Archer |
| 16:29 | Create | Villager (Male) |
| 16:31 | Build | House |
| 16:36 | Build | House |
| 17:05 | Create | Archer |
| 17:05 | Create | Archer |
| 17:37 | Create | Villager (Male) |
| 17:42 | Create | Archer |
| 17:42 | Create | Archer |
| 17:45 | Build | House |
| 17:50 | Build | House |
| 18:00 | Create | Villager (Male) |
| 18:03 | Build | House |
| 18:07 | Build | Farm |
| 18:18 | Create | Villager (Male) |
| 18:20 | Build | Farm |
| 18:20 | Build | Farm |
| 18:20 | Build | Farm |
| 18:20 | Build | Farm |
| 18:23 | Create | Archer |
| 18:44 | Build | Farm |
| 18:45 | Create | Villager (Male) |
| 18:49 | Build | House |
| 19:01 | Create | Archer |
| 19:02 | Create | Archer |
| 19:13 | Build | Farm |
| 19:13 | Build | Farm |
| 19:14 | Build | Farm |
| 19:39 | Create | Archer |
| 19:39 | Create | Archer |
| 19:45 | Build | Farm |
| 19:46 | Create | Villager (Male) |
| 20:16 | Create | Villager (Male) |
| 20:17 | Create | Villager (Male) |
| 20:20 | Build | Farm |
| 20:22 | Build | Farm |
| 20:23 | Build | Farm |
| 20:42 | Create | Spearman |
| 20:42 | Create | Spearman |
| 20:43 | Create | Villager (Male) |
| 20:52 | Build | House |
| 20:54 | Build | House |
| 20:55 | Build | House |
| 21:00 | Build | House |
| 21:18 | Create | Villager (Male) |
| 21:22 | Build | Lumber Camp |
| 21:40 | Create | Villager (Male) |
| 21:41 | Create | Archer |
| 21:41 | Create | Archer |
| 22:05 | Create | Villager (Male) |
| 22:06 | Create | Archer |
| 22:06 | Create | Archer |
| 22:11 | Build | Farm |
| 22:36 | Create | Spearman |
| 22:57 | Build | Farm |
| 22:58 | Build | Farm |
| 22:59 | Create | Villager (Male) |
| 22:59 | Create | Villager (Male) |
| 23:05 | Create | Archer |
| 23:05 | Create | Archer |
| 23:19 | Create | Villager (Male) |
| 23:24 | Create | Spearman |
| 23:24 | Create | Spearman |
| 23:34 | Create | Spearman |
| 23:36 | Create | Archer |
| 23:36 | Create | Archer |
| 24:27 | Create | Villager (Male) |
| 24:27 | Create | Villager (Male) |
| 25:38 | Build | Town Center |
| 25:44 | Build | Lumber Camp |
| 25:58 | Build | Lumber Camp |
| 26:27 | Create | Villager (Male) |
| 26:45 | Build | House |
| 26:47 | Build | House |
| 26:49 | Build | House |
| 26:50 | Build | House |
| 26:52 | Build | House |
| 26:53 | Build | House |
| 27:16 | Build | House |
| 27:17 | Build | House |
| 27:31 | Create | Villager (Male) |
| 28:37 | Build | Farm |
| 29:14 | Build | Farm |
| 29:15 | Build | Farm |
| 29:17 | Create | Villager (Male) |
| 29:17 | Create | Villager (Male) |
| 29:39 | Build | Farm |
| 29:40 | Build | Farm |
| 29:46 | Build | Farm |
| 29:46 | Build | Farm |
| 29:47 | Build | Farm |
| 29:47 | Build | Farm |
Build order — nono12
First 150 of 198 actions detected
| 0:07 | Build | Town Center |
| 2:15 | Create | Villager (Male) |
| 2:15 | Create | Villager (Male) |
| 2:16 | Create | Villager (Male) |
| 2:16 | Create | Villager (Male) |
| 2:16 | Create | Villager (Male) |
| 2:21 | Build | House |
| 3:11 | Build | Lumber Camp |
| 3:14 | Create | Villager (Male) |
| 3:14 | Create | Villager (Male) |
| 3:57 | Create | Villager (Male) |
| 3:58 | Create | Villager (Male) |
| 4:20 | Build | House |
| 4:28 | Build | House |
| 4:34 | Create | Villager (Male) |
| 4:34 | Create | Villager (Male) |
| 4:34 | Create | Villager (Male) |
| 5:14 | Create | Villager (Male) ×2 |
| 5:14 | Create | Villager (Male) |
| 5:14 | Create | Villager (Male) |
| 6:01 | Create | Villager (Male) ×2 |
| 6:01 | Create | Villager (Male) |
| 6:01 | Create | Villager (Male) |
| 6:14 | Create | Villager (Male) |
| 7:21 | Build | Barracks |
| 7:22 | Create | Villager (Male) |
| 7:49 | Create | Villager (Male) |
| 7:59 | Build | House |
| 8:02 | Build | Palisade Wall |
| 8:13 | Create | Villager (Male) |
| 8:43 | Research | Loom |
| 8:53 | Build | Mill |
| 9:06 | Research | Feudal Age |
| 9:32 | Create | Militia |
| 9:55 | Create | Villager (Male) |
| 9:58 | Create | Militia |
| 9:58 | Create | Militia |
| 10:08 | Build | Mill |
| 10:12 | Build | Palisade Wall |
| 10:20 | Build | House |
| 10:32 | Create | Militia |
| 11:18 | Age | Feudal Age |
| 11:27 | Build | Watch Tower |
| 11:48 | Build | Watch Tower |
| 11:52 | Create | Villager (Male) |
| 11:52 | Create | Villager (Male) |
| 12:13 | Build | Mining Camp |
| 12:32 | Create | Villager (Male) |
| 12:35 | Create | Spearman |
| 12:50 | Build | House |
| 13:03 | Build | Palisade Wall |
| 13:05 | Build | Palisade Wall |
| 13:06 | Build | Palisade Wall |
| 13:07 | Build | Palisade Wall |
| 13:12 | Create | Villager (Male) |
| 13:43 | Build | Stone Wall |
| 13:48 | Build | Gate |
| 14:01 | Build | Mill |
| 14:02 | Create | Villager (Male) |
| 14:17 | Build | Palisade Wall |
| 14:18 | Build | Palisade Wall |
| 14:18 | Build | Palisade Wall |
| 14:20 | Build | Palisade Wall |
| 14:29 | Create | Villager (Male) |
| 14:47 | Build | Outpost |
| 14:49 | Research | Town Watch |
| 14:58 | Build | Outpost |
| 15:13 | Build | House |
| 15:25 | Create | Villager (Male) |
| 15:52 | Create | Villager (Male) |
| 15:59 | Build | Market |
| 16:17 | Build | Blacksmith |
| 16:21 | Create | Villager (Male) |
| 16:50 | Create | Villager (Male) |
| 16:54 | Research | Castle Age |
| 16:58 | Build | Mining Camp |
| 17:10 | Research | Double-Bit Axe |
| 17:24 | Build | Outpost |
| 17:28 | Create | Militia |
| 17:51 | Build | Outpost |
| 17:53 | Create | Villager (Male) |
| 18:12 | Create | Militia |
| 18:23 | Build | Outpost |
| 18:29 | Create | Militia |
| 18:41 | Build | Palisade Wall |
| 18:42 | Build | Palisade Wall |
| 19:15 | Create | Spearman |
| 19:23 | Research | Scale Mail Armor |
| 19:23 | Research | Scale Mail Armor |
| 19:34 | Age | Castle Age |
| 20:02 | Create | Villager (Male) |
| 20:14 | Build | Krepost |
| 20:15 | Build | Mill |
| 20:40 | Create | Villager (Male) |
| 20:40 | Create | Villager (Male) |
| 20:40 | Create | Villager (Male) |
| 21:21 | Build | Mining Camp |
| 21:25 | Build | Mill |
| 21:40 | Create | Villager (Male) |
| 21:41 | Create | Villager (Male) |
| 21:41 | Create | Villager (Male) |
| 21:48 | Build | Town Center |
| 22:12 | Build | Farm |
| 22:14 | Build | Farm |
| 22:19 | Build | Farm |
| 22:31 | Create | Militia |
| 22:36 | Build | Farm |
| 22:38 | Build | Farm |
| 22:43 | Create | Villager (Male) |
| 22:43 | Create | Villager (Male) |
| 22:43 | Create | Villager (Male) |
| 22:50 | Create | Villager (Male) |
| 23:24 | Create | Villager (Male) |
| 23:24 | Create | Villager (Male) |
| 23:48 | Create | Villager (Male) |
| 23:48 | Create | Villager (Male) |
| 23:48 | Create | Villager (Male) |
| 24:12 | Create | Villager (Male) |
| 24:20 | Create | Villager (Male) |
| 24:21 | Create | Villager (Male) |
| 24:43 | Create | Villager (Male) |
| 25:09 | Build | Town Center |
| 25:12 | Create | Villager (Male) |
| 25:21 | Build | Stone Wall |
| 25:34 | Create | Villager (Male) |
| 25:34 | Create | Villager (Male) |
| 25:35 | Create | Villager (Male) |
| 25:44 | Build | Town Center |
| 25:52 | Create | Villager (Male) |
| 25:54 | Create | Konnik |
| 25:55 | Research | Scale Barding Armor |
| 25:55 | Research | Scale Barding Armor |
| 26:22 | Create | Konnik |
| 26:23 | Create | Konnik |
| 26:25 | Research | Chain Barding Armor |
| 26:26 | Create | Villager (Male) |
| 26:42 | Build | Krepost |
| 26:56 | Create | Konnik |
| 26:57 | Create | Konnik |
| 26:57 | Create | Konnik |
| 27:19 | Create | Villager (Male) |
| 27:20 | Create | Villager (Male) |
| 27:21 | Create | Villager (Male) |
| 27:48 | Build | Krepost |
| 27:55 | Create | Villager (Male) |
| 27:55 | Create | Villager (Male) |
| 27:56 | Create | Villager (Male) |
| 28:12 | Create | Villager (Male) |
| 28:12 | Create | Villager (Male) |
| 28:15 | Create | Konnik |
Build order — busy pushing deer
First 150 of 307 actions detected
| 0:29 | Build | Town Center |
| 2:04 | Build | House |
| 2:28 | Create | Villager (Male) |
| 2:29 | Create | Villager (Male) |
| 2:29 | Create | Villager (Male) |
| 2:29 | Create | Villager (Male) |
| 2:29 | Create | Villager (Male) |
| 3:23 | Create | Villager (Male) |
| 3:54 | Build | Lumber Camp |
| 4:14 | Create | Villager (Male) |
| 4:49 | Create | Villager (Male) |
| 4:49 | Create | Villager (Male) |
| 4:49 | Create | Villager (Male) |
| 5:09 | Create | Villager (Male) |
| 5:27 | Build | House |
| 5:31 | Research | Loom |
| 5:38 | Build | House |
| 5:48 | Create | Villager (Male) |
| 5:48 | Create | Villager (Male) |
| 5:48 | Create | Villager (Male) |
| 5:48 | Create | Villager (Male) |
| 5:51 | Build | House |
| 6:03 | Build | House |
| 6:11 | Create | Villager (Male) |
| 6:11 | Create | Villager (Male) |
| 6:17 | Build | House |
| 6:30 | Build | House |
| 6:43 | Build | House |
| 6:50 | Create | Villager (Male) |
| 6:51 | Create | Villager (Male) |
| 7:04 | Create | Villager (Male) |
| 7:08 | Build | House |
| 7:21 | Create | Villager (Male) |
| 7:29 | Build | Dock |
| 7:42 | Create | Villager (Male) |
| 7:58 | Create | Villager (Male) |
| 8:06 | Create | Villager (Male) |
| 8:22 | Create | Fishing Ship |
| 8:42 | Build | House |
| 8:46 | Create | Villager (Male) |
| 9:08 | Build | Mill |
| 9:21 | Create | Villager (Male) |
| 9:40 | Create | Fishing Ship |
| 9:43 | Create | Villager (Male) |
| 9:46 | Build | House |
| 9:57 | Build | House |
| 10:05 | Build | House |
| 10:10 | Create | Fishing Ship |
| 10:15 | Build | House |
| 10:17 | Build | House |
| 10:28 | Build | House |
| 10:38 | Build | House |
| 11:07 | Create | Fishing Ship |
| 11:18 | Build | House |
| 11:49 | Research | Feudal Age |
| 12:00 | Create | Fishing Ship |
| 12:25 | Build | House |
| 12:37 | Create | Fishing Ship |
| 12:38 | Build | House |
| 13:17 | Create | Fishing Ship |
| 13:43 | Create | Villager (Male) |
| 13:44 | Create | Villager (Male) |
| 14:01 | Create | Fishing Ship |
| 14:01 | Age | Feudal Age |
| 14:10 | Build | Blacksmith |
| 14:17 | Build | Market |
| 14:44 | Research | Double-Bit Axe |
| 15:08 | Research | Castle Age |
| 15:28 | Build | Barracks |
| 15:45 | Build | House |
| 16:12 | Build | House |
| 16:23 | Build | Fish Trap |
| 16:38 | Build | Stable |
| 16:50 | Research | Scale Barding Armor |
| 16:50 | Research | Forging |
| 17:34 | Build | Stable |
| 17:48 | Age | Castle Age |
| 17:49 | Create | Villager (Male) |
| 17:50 | Create | Knight |
| 17:58 | Build | Town Center |
| 18:02 | Create | Villager (Male) |
| 18:21 | Create | Villager (Male) |
| 18:27 | Create | Knight |
| 18:30 | Research | Husbandry |
| 18:34 | Build | House |
| 18:35 | Build | House |
| 18:40 | Create | Villager (Male) |
| 18:48 | Create | Knight |
| 18:56 | Research | Bow Saw |
| 19:20 | Create | Villager (Male) |
| 19:23 | Build | Farm |
| 19:37 | Research | Chain Barding Armor |
| 19:51 | Build | House |
| 19:53 | Build | House |
| 19:58 | Build | Fish Trap |
| 19:59 | Create | Villager (Male) |
| 20:23 | Create | Knight |
| 20:23 | Create | Knight |
| 20:30 | Build | Farm |
| 20:32 | Build | Farm |
| 20:34 | Build | Farm |
| 20:45 | Create | Knight |
| 20:45 | Create | Knight |
| 21:06 | Create | Villager (Male) |
| 21:06 | Create | Villager (Male) |
| 21:09 | Build | Fish Trap |
| 21:12 | Build | Fish Trap |
| 21:29 | Build | House |
| 21:30 | Build | House |
| 21:31 | Build | House |
| 21:34 | Create | Knight |
| 21:34 | Create | Knight |
| 21:46 | Create | Villager (Male) |
| 21:52 | Build | Town Center |
| 22:06 | Create | Villager (Male) |
| 22:07 | Create | Villager (Male) |
| 22:09 | Build | Monastery |
| 22:11 | Create | Knight |
| 22:11 | Create | Knight |
| 22:23 | Build | House |
| 22:24 | Build | House |
| 22:48 | Create | Villager (Male) |
| 22:48 | Create | Villager (Male) |
| 22:48 | Create | Villager (Male) |
| 22:52 | Build | Farm |
| 22:53 | Build | Farm |
| 22:54 | Build | Farm |
| 23:18 | Create | Knight |
| 23:18 | Create | Knight |
| 23:19 | Create | Villager (Male) |
| 23:33 | Create | Knight |
| 23:51 | Create | Villager (Male) |
| 23:51 | Create | Villager (Male) |
| 23:58 | Create | Villager (Male) |
| 23:59 | Create | Villager (Male) |
| 24:17 | Create | Knight |
| 24:17 | Create | Knight |
| 24:20 | Create | Villager (Male) |
| 24:31 | Build | Fish Trap |
| 24:34 | Build | Fish Trap |
| 24:43 | Create | Villager (Male) |
| 24:44 | Create | Villager (Male) |
| 24:50 | Build | Farm |
| 24:50 | Build | Farm |
| 24:50 | Build | Farm |
| 24:51 | Build | Farm |
| 24:51 | Build | Farm |
| 24:51 | Build | Farm |
| 24:52 | Build | Farm |
| 24:53 | Build | Farm |
Build order — Yarcla
First 150 of 205 actions detected
| 0:14 | Build | Town Center |
| 0:47 | Build | House |
| 2:58 | Create | Villager (Male) |
| 2:58 | Create | Villager (Male) |
| 2:59 | Create | Villager (Male) |
| 2:59 | Create | Villager (Male) |
| 2:59 | Create | Villager (Male) |
| 4:35 | Create | Villager (Male) |
| 4:35 | Create | Villager (Male) |
| 4:39 | Research | Loom |
| 5:15 | Create | Villager (Male) |
| 5:16 | Create | Villager (Male) |
| 5:16 | Create | Villager (Male) |
| 5:20 | Build | Lumber Camp |
| 5:23 | Build | House |
| 6:04 | Create | Villager (Male) |
| 6:30 | Create | Villager (Male) |
| 6:30 | Create | Villager (Male) |
| 6:30 | Create | Villager (Male) |
| 6:39 | Create | Villager (Male) |
| 7:27 | Create | Villager (Male) |
| 7:38 | Build | House |
| 7:40 | Create | Villager (Male) |
| 7:41 | Create | Villager (Male) |
| 7:42 | Create | Villager (Male) |
| 7:42 | Create | Villager (Male) |
| 9:18 | Build | House |
| 9:41 | Create | Villager (Male) |
| 9:53 | Build | House |
| 10:29 | Create | Villager (Male) |
| 10:45 | Create | Villager (Male) |
| 10:48 | Build | Mill |
| 11:24 | Research | Feudal Age |
| 11:37 | Build | Palisade Wall |
| 11:55 | Build | Palisade Wall |
| 11:57 | Build | Palisade Wall |
| 12:13 | Build | Palisade Wall |
| 12:19 | Build | Palisade Wall |
| 13:04 | Create | Villager (Male) |
| 13:05 | Create | Villager (Male) |
| 13:26 | Build | Palisade Wall |
| 13:34 | Age | Feudal Age |
| 13:35 | Build | Palisade Wall |
| 13:50 | Build | Lumber Camp |
| 13:54 | Create | Villager (Male) |
| 14:04 | Research | Double-Bit Axe |
| 14:04 | Research | Double-Bit Axe |
| 14:45 | Create | Villager (Male) |
| 14:53 | Build | Palisade Wall |
| 15:01 | Build | Barracks |
| 15:05 | Create | Villager (Male) |
| 15:06 | Create | Villager (Male) |
| 15:34 | Build | House |
| 15:37 | Build | House |
| 15:39 | Build | Palisade Wall |
| 16:01 | Build | Stable |
| 16:03 | Create | Villager (Male) |
| 16:08 | Build | House |
| 16:28 | Build | Mill |
| 16:33 | Create | Villager (Male) |
| 16:57 | Create | Villager (Male) |
| 17:03 | Build | Blacksmith |
| 17:12 | Create | Villager (Male) |
| 17:57 | Research | Castle Age |
| 18:27 | Build | Mining Camp |
| 18:55 | Build | Mill |
| 19:13 | Create | Villager (Male) |
| 19:14 | Research | Stone Mining |
| 19:15 | Research | Gold Mining |
| 19:19 | Research | Fletching |
| 20:37 | Age | Castle Age |
| 20:44 | Build | Town Center |
| 20:54 | Research | Stone Shaft Mining |
| 20:56 | Create | Villager (Male) |
| 20:57 | Create | Villager (Male) |
| 21:15 | Research | Bow Saw |
| 21:58 | Build | Castle |
| 22:05 | Create | Villager (Male) |
| 22:05 | Create | Villager (Male) |
| 22:05 | Create | Villager (Male) |
| 22:11 | Create | Villager (Male) |
| 22:12 | Create | Villager (Male) |
| 22:28 | Create | Villager (Male) |
| 23:06 | Research | Husbandry |
| 23:14 | Create | Mangudai |
| 23:14 | Create | Mangudai |
| 23:22 | Build | Town Center |
| 23:26 | Create | Villager (Male) |
| 23:39 | Build | Mining Camp |
| 23:54 | Research | Padded Archer Armor |
| 24:00 | Create | Mangudai |
| 24:00 | Create | Mangudai |
| 24:30 | Create | Villager (Male) |
| 24:31 | Create | Villager (Male) |
| 24:57 | Create | Mangudai |
| 25:03 | Create | Villager (Male) |
| 25:11 | Build | University |
| 25:35 | Create | Mangudai |
| 25:36 | Create | Mangudai |
| 26:08 | Create | Mangudai |
| 26:26 | Build | Town Center |
| 26:31 | Create | Villager (Male) |
| 26:34 | Create | Villager (Male) |
| 26:38 | Create | Mangudai |
| 26:39 | Create | Villager (Male) |
| 26:39 | Create | Villager (Male) |
| 27:04 | Create | Villager (Male) |
| 27:04 | Create | Villager (Male) |
| 27:05 | Create | Villager (Male) |
| 27:07 | Create | Mangudai |
| 27:07 | Create | Mangudai |
| 27:07 | Create | Mangudai |
| 27:25 | Create | Villager (Male) |
| 27:49 | Create | Villager (Male) |
| 27:51 | Research | Bodkin Arrow |
| 28:03 | Research | Ballistics |
| 28:07 | Research | Leather Archer Armor |
| 28:08 | Create | Villager (Male) |
| 28:17 | Create | Mangudai |
| 28:17 | Create | Mangudai |
| 28:26 | Build | House |
| 28:34 | Create | Villager (Male) |
| 28:37 | Build | House |
| 28:41 | Create | Villager (Male) |
| 28:41 | Create | Villager (Male) |
| 29:05 | Research | Bloodlines |
| 29:06 | Create | Mangudai |
| 29:07 | Create | Mangudai |
| 29:07 | Create | Mangudai |
| 29:07 | Create | Mangudai |
| 29:07 | Create | Mangudai |
| 29:25 | Create | Villager (Male) |
| 29:43 | Create | Villager (Male) |
| 29:43 | Create | Villager (Male) |
| 29:53 | Build | House |
| 29:56 | Build | House |
| 29:56 | Build | House |
| 30:09 | Create | Mangudai |
| 30:09 | Create | Mangudai |
| 30:10 | Create | Villager (Male) |
| 30:10 | Create | Villager (Male) |
| 30:10 | Create | Villager (Male) |
| 30:11 | Create | Villager (Male) |
| 30:11 | Create | Villager (Male) |
| 30:11 | Create | Villager (Male) |
| 30:12 | Create | Villager (Male) |
| 30:12 | Create | Villager (Male) |
| 30:30 | Build | Town Center |
| 30:32 | Create | Villager (Male) |
| 30:39 | Create | Villager (Male) |
Build order — B.
First 150 of 290 actions detected
| 0:30 | Build | Town Center |
| 0:55 | Build | Town Center |
| 2:16 | Build | House |
| 3:02 | Create | Villager (Male) |
| 3:02 | Create | Villager (Male) |
| 3:02 | Create | Villager (Male) |
| 3:03 | Create | Villager (Male) |
| 3:55 | Create | Villager (Male) |
| 4:24 | Create | Villager (Male) |
| 4:24 | Create | Villager (Male) |
| 4:46 | Build | House |
| 4:49 | Build | Palisade Wall |
| 4:49 | Build | Palisade Wall |
| 4:51 | Build | Lumber Camp |
| 4:58 | Create | Villager (Male) |
| 5:22 | Create | Villager (Male) |
| 5:34 | Create | Villager (Male) |
| 6:33 | Create | Villager (Male) |
| 6:33 | Create | Villager (Male) |
| 6:33 | Create | Villager (Male) |
| 6:39 | Build | Palisade Wall |
| 7:06 | Create | Villager (Male) |
| 7:13 | Build | House |
| 7:15 | Build | Palisade Wall |
| 7:15 | Build | Palisade Wall |
| 7:28 | Create | Villager (Male) |
| 8:01 | Build | House |
| 8:01 | Build | Palisade Wall |
| 8:21 | Create | Villager (Male) |
| 8:43 | Create | Villager (Male) |
| 8:51 | Build | Palisade Wall |
| 8:52 | Build | Palisade Wall |
| 8:54 | Build | Palisade Wall |
| 8:55 | Build | Palisade Wall |
| 8:55 | Build | Palisade Wall |
| 8:57 | Create | Villager (Male) |
| 9:15 | Build | Mining Camp |
| 9:58 | Create | Villager (Male) |
| 9:58 | Create | Villager (Male) |
| 9:59 | Create | Villager (Male) |
| 10:39 | Build | Mill |
| 10:58 | Create | Villager (Male) |
| 11:14 | Build | Palisade Wall |
| 11:15 | Build | Palisade Wall |
| 11:15 | Build | Palisade Wall |
| 11:23 | Build | Palisade Wall |
| 11:24 | Build | Palisade Wall |
| 11:24 | Build | Palisade Wall |
| 11:25 | Create | Villager (Male) |
| 11:50 | Build | House |
| 11:54 | Build | Palisade Wall |
| 11:58 | Research | Feudal Age |
| 12:12 | Research | Loom |
| 12:13 | Create | Villager (Male) |
| 12:13 | Create | Villager (Male) |
| 12:36 | Build | Palisade Wall |
| 12:37 | Build | Palisade Wall |
| 13:14 | Build | Palisade Wall |
| 13:17 | Build | Palisade Wall |
| 13:18 | Build | Palisade Wall |
| 13:19 | Build | Palisade Wall |
| 14:22 | Age | Feudal Age |
| 14:28 | Build | Market |
| 14:31 | Build | Blacksmith |
| 14:46 | Build | Mining Camp |
| 14:56 | Build | Mining Camp |
| 15:21 | Research | Castle Age |
| 15:30 | Research | Double-Bit Axe |
| 15:31 | Research | Double-Bit Axe |
| 16:22 | Research | Horse Collar |
| 16:23 | Research | Gold Mining |
| 16:55 | Create | Villager (Male) |
| 18:01 | Age | Castle Age |
| 18:09 | Build | Castle |
| 18:23 | Build | Palisade Wall |
| 18:28 | Create | Villager (Male) |
| 18:38 | Build | Town Center |
| 18:50 | Create | Villager (Male) |
| 19:05 | Create | Villager (Male) |
| 19:14 | Create | Janissary |
| 19:14 | Create | Janissary |
| 19:24 | Create | Villager (Male) |
| 19:24 | Create | Villager (Male) |
| 19:30 | Create | Janissary |
| 19:35 | Create | Villager (Male) |
| 19:41 | Build | Farm |
| 19:45 | Create | Villager (Male) |
| 19:55 | Create | Villager (Male) |
| 20:23 | Build | Farm |
| 20:24 | Build | Farm |
| 20:24 | Build | Farm |
| 20:24 | Build | Farm |
| 20:33 | Create | Villager (Male) |
| 20:35 | Create | Janissary |
| 20:40 | Build | Farm |
| 20:41 | Build | Farm |
| 20:42 | Build | Farm |
| 20:42 | Build | Farm |
| 20:42 | Build | Farm |
| 20:42 | Build | Farm |
| 21:19 | Build | Farm |
| 21:21 | Build | Farm |
| 21:26 | Create | Villager (Male) |
| 21:27 | Create | Janissary |
| 21:29 | Create | Villager (Male) |
| 21:40 | Build | Farm |
| 21:42 | Build | Farm |
| 21:49 | Build | Farm |
| 21:49 | Create | Villager (Male) |
| 22:02 | Build | Farm |
| 22:03 | Create | Villager (Male) |
| 22:10 | Create | Villager (Male) |
| 22:19 | Build | Farm |
| 22:22 | Build | Farm |
| 22:33 | Create | Villager (Male) |
| 22:44 | Create | Villager (Male) |
| 22:52 | Create | Villager (Male) |
| 22:56 | Build | Mill |
| 22:57 | Build | Farm |
| 22:57 | Build | Farm |
| 22:57 | Build | Farm |
| 22:58 | Build | Farm |
| 22:58 | Build | Farm |
| 22:58 | Build | Farm |
| 22:58 | Build | Farm |
| 23:09 | Create | Villager (Male) |
| 23:23 | Create | Villager (Male) |
| 23:29 | Create | Villager (Male) |
| 23:38 | Build | Siege Workshop |
| 23:46 | Create | Villager (Male) |
| 23:51 | Create | Villager (Male) |
| 24:00 | Create | Janissary |
| 24:00 | Create | Janissary |
| 24:12 | Create | Villager (Male) |
| 24:22 | Create | Villager (Male) |
| 24:29 | Build | Town Center |
| 24:31 | Create | Villager (Male) |
| 24:40 | Build | House |
| 24:45 | Create | Villager (Male) |
| 24:51 | Create | Scorpion |
| 24:51 | Create | Scorpion |
| 24:51 | Create | Scorpion |
| 24:58 | Create | Janissary |
| 25:03 | Create | Villager (Male) |
| 25:12 | Build | House |
| 25:13 | Build | House |
| 25:17 | Build | Outpost |
| 25:18 | Build | Outpost |
| 25:19 | Build | Outpost |
| 25:20 | Build | Outpost |
Build order — [ARKP]Anthoxx
First 150 of 290 actions detected
| 0:26 | Build | Town Center |
| 2:20 | Build | House |
| 2:48 | Create | Villager (Male) |
| 2:48 | Create | Villager (Male) |
| 2:48 | Create | Villager (Male) |
| 2:48 | Create | Villager (Male) |
| 2:49 | Create | Villager (Male) |
| 3:10 | Build | House |
| 3:27 | Build | House |
| 3:42 | Build | House |
| 3:54 | Create | Villager (Male) |
| 3:54 | Create | Villager (Male) |
| 4:00 | Build | House |
| 4:12 | Build | House |
| 4:26 | Create | Villager (Male) |
| 4:32 | Build | House |
| 4:42 | Build | House |
| 4:46 | Build | House |
| 4:57 | Create | Villager (Male) |
| 5:16 | Create | Villager (Male) |
| 6:03 | Build | Settlement |
| 6:06 | Create | Villager (Male) |
| 6:06 | Create | Villager (Male) |
| 6:06 | Create | Villager (Male) |
| 7:17 | Create | Villager (Male) |
| 7:18 | Create | Villager (Male) |
| 7:35 | Create | Villager (Male) |
| 7:35 | Create | Villager (Male) |
| 7:36 | Create | Villager (Male) |
| 8:09 | Create | Villager (Male) |
| 8:09 | Create | Villager (Male) |
| 8:09 | Create | Villager (Male) |
| 8:13 | Build | House |
| 8:26 | Build | House |
| 8:53 | Build | Settlement |
| 8:56 | Build | Settlement |
| 8:59 | Create | Villager (Male) |
| 9:17 | Create | Villager (Male) |
| 9:18 | Create | Villager (Male) |
| 9:18 | Create | Villager (Male) |
| 10:23 | Build | House |
| 10:40 | Build | House |
| 11:31 | Research | Feudal Age |
| 13:08 | Research | Loom |
| 13:08 | Create | Villager (Male) |
| 13:43 | Age | Feudal Age |
| 13:46 | Build | Blacksmith |
| 13:50 | Build | Market |
| 13:55 | Build | House |
| 14:04 | Build | Palisade Gate |
| 14:05 | Build | Palisade Wall |
| 14:08 | Build | Palisade Wall |
| 14:36 | Research | Castle Age |
| 14:36 | Research | Castle Age |
| 15:13 | Research | Double-Bit Axe |
| 15:13 | Research | Double-Bit Axe |
| 15:15 | Research | Horse Collar |
| 15:54 | Create | Villager (Male) |
| 15:55 | Create | Villager (Male) |
| 17:16 | Age | Castle Age |
| 17:18 | Build | Town Center |
| 17:20 | Build | Town Center |
| 17:38 | Build | Town Center |
| 17:40 | Create | Villager (Male) |
| 18:03 | Create | Villager (Male) |
| 18:38 | Create | Villager (Male) |
| 18:54 | Build | Palisade Wall |
| 18:56 | Create | Villager (Male) |
| 18:56 | Create | Villager (Male) |
| 19:03 | Create | Villager (Male) |
| 19:05 | Create | Villager (Male) ×4 |
| 19:05 | Create | Villager (Male) ×4 |
| 19:10 | Create | Villager (Male) |
| 19:10 | Create | Villager (Male) |
| 19:22 | Create | Villager (Male) |
| 19:22 | Create | Villager (Male) |
| 19:24 | Build | Farm |
| 19:27 | Build | Farm |
| 19:30 | Create | Villager (Male) |
| 19:30 | Create | Villager (Male) |
| 19:32 | Build | Farm |
| 19:39 | Create | Villager (Male) |
| 19:39 | Create | Villager (Male) |
| 19:46 | Create | Villager (Male) |
| 19:50 | Build | Farm |
| 19:52 | Build | Farm |
| 19:54 | Create | Villager (Male) |
| 19:54 | Create | Villager (Male) |
| 19:56 | Build | Farm |
| 20:03 | Create | Villager (Male) |
| 20:03 | Create | Villager (Male) |
| 20:07 | Create | Villager (Male) |
| 20:07 | Create | Villager (Male) |
| 20:16 | Build | Farm |
| 20:18 | Build | Farm |
| 20:21 | Build | Farm |
| 20:22 | Create | Villager (Male) ×3 |
| 20:22 | Create | Villager (Male) ×3 |
| 20:29 | Create | Villager (Male) |
| 20:29 | Create | Villager (Male) |
| 20:40 | Build | Farm |
| 20:49 | Create | Villager (Male) ×4 |
| 20:50 | Create | Villager (Male) ×4 |
| 21:09 | Build | Farm |
| 21:11 | Build | Farm |
| 21:13 | Build | Farm |
| 21:16 | Build | Farm |
| 21:18 | Create | Villager (Male) |
| 21:24 | Research | Bow Saw |
| 21:24 | Research | Bow Saw |
| 21:26 | Create | Villager (Male) ×3 |
| 21:26 | Create | Villager (Male) ×3 |
| 21:40 | Create | Villager (Male) ×3 |
| 21:41 | Create | Villager (Male) ×3 |
| 21:43 | Create | Villager (Male) |
| 21:43 | Create | Villager (Male) |
| 21:47 | Create | Villager (Male) |
| 21:51 | Build | House |
| 21:51 | Build | House |
| 21:51 | Build | House |
| 21:52 | Build | House |
| 22:04 | Build | Farm |
| 22:07 | Build | Farm |
| 22:10 | Create | Villager (Male) ×5 |
| 22:11 | Create | Villager (Male) ×5 |
| 22:26 | Create | Villager (Male) ×3 |
| 22:38 | Build | House |
| 22:51 | Research | Wheelbarrow |
| 22:51 | Research | Town Watch |
| 22:55 | Build | House |
| 22:55 | Build | House |
| 22:56 | Build | House |
| 22:58 | Create | Villager (Male) |
| 22:58 | Create | Villager (Male) |
| 23:05 | Build | Settlement |
| 23:13 | Create | Villager (Male) ×4 |
| 23:13 | Create | Villager (Male) ×4 |
| 23:21 | Build | House |
| 23:32 | Build | Settlement |
| 23:38 | Create | Villager (Male) |
| 23:59 | Build | Settlement |
| 24:08 | Create | Villager (Male) ×5 |
| 24:09 | Create | Villager (Male) |
| 24:20 | Build | Farm |
| 24:21 | Build | Farm |
| 24:22 | Build | Farm |
| 24:23 | Build | Farm |
| 24:26 | Build | Farm |
| 24:27 | Build | Farm |
| 24:28 | Build | Farm |
Match timeline
| 4:49 | B. · wall_segment Palisade Wall x1 |
| 4:49 | B. · wall_segment Palisade Wall x1 |
| 6:39 | B. · wall_segment Palisade Wall x1 |
| 6:59 | AOKI_Shogi · wall_segment Palisade Wall x1 |
| 7:08 | AOKI_Shogi · wall_segment Palisade Wall x1 |
| 7:12 | AOKI_Shogi · wall_segment Palisade Wall x1 |
| 7:15 | B. · wall_segment Palisade Wall x1 |
| 7:15 | B. · wall_segment Palisade Wall x1 |
| 7:16 | AOKI_Shogi · wall_segment Palisade Wall x1 |
| 7:21 | nono12 · first_building Barracks |
| 7:29 | busy pushing deer · first_building Dock |
| 8:01 | B. · wall_segment Palisade Wall x1 |
| 8:02 | nono12 · wall_segment Palisade Wall x1 |
| 8:51 | B. · wall_segment Palisade Wall x1 |
| 8:52 | B. · wall_segment Palisade Wall x1 |
| 8:54 | B. · wall_segment Palisade Wall x1 |
| 8:55 | B. · wall_segment Palisade Wall x2 |
| 8:55 | B. · wall_segment Palisade Wall x1 |
| 10:12 | nono12 · wall_segment Palisade Wall x1 |
| 10:49 | AOKI_Shogi · first_building Barracks |
| 11:14 | B. · wall_segment Palisade Wall x1 |
| 11:15 | B. · wall_segment Palisade Wall x1 |
| 11:15 | B. · wall_segment Palisade Wall x1 |
| 11:18 | nono12 · age_up feudal |
| 11:23 | B. · wall_segment Palisade Wall x1 |
| 11:24 | B. · wall_segment Palisade Wall x1 |
| 11:24 | B. · wall_segment Palisade Wall x1 |
| 11:37 | Yarcla · wall_segment Palisade Wall x20 |
| 11:46 | Great Serbia · wall_segment Palisade Wall x1 |
| 11:49 | Great Serbia · wall_segment Palisade Wall x1 |
| 11:54 | B. · wall_segment Palisade Wall x8 |
| 11:55 | Yarcla · wall_segment Palisade Wall x10 |
| 11:57 | Yarcla · wall_segment Palisade Wall x10 |
| 12:00 | Kickerous · first_building Barracks |
| 12:12 | Great Serbia · first_building Barracks |
| 12:13 | Yarcla · wall_segment Palisade Wall x9 |
| 12:19 | Yarcla · wall_segment Palisade Wall x11 |
| 12:36 | B. · wall_segment Palisade Wall x1 |
| 12:37 | B. · wall_segment Palisade Wall x1 |
| 12:46 | Great Serbia · age_up feudal |
| 13:03 | AOKI_Shogi · age_up feudal |
| 13:03 | nono12 · wall_segment Palisade Wall x1 |
| 13:05 | nono12 · wall_segment Palisade Wall x1 |
| 13:06 | nono12 · wall_segment Palisade Wall x1 |
| 13:07 | nono12 · wall_segment Palisade Wall x1 |
| 13:09 | AOKI_Shogi · first_building Archery Range |
| 13:14 | B. · wall_segment Palisade Wall x6 |
| 13:17 | B. · wall_segment Palisade Wall x1 |
| 13:18 | B. · wall_segment Palisade Wall x1 |
| 13:19 | B. · wall_segment Palisade Wall x1 |
| 13:26 | Yarcla · wall_segment Palisade Wall x8 |
| 13:34 | Yarcla · age_up feudal |
| 13:35 | Yarcla · wall_segment Palisade Wall x1 |
| 13:43 | nono12 · wall_segment Stone Wall x10 |
| 13:43 | [ARKP]Anthoxx · age_up feudal |
| 13:56 | AOKI_Shogi · wall_segment Palisade Wall x1 |
| 13:58 | AOKI_Shogi · wall_segment Palisade Wall x1 |
| 14:01 | busy pushing deer · age_up feudal |
| 14:05 | [ARKP]Anthoxx · wall_segment Palisade Wall x2 |
| 14:08 | [ARKP]Anthoxx · wall_segment Palisade Wall x3 |
| 14:17 | nono12 · wall_segment Palisade Wall x1 |
| 14:18 | nono12 · wall_segment Palisade Wall x1 |
| 14:18 | nono12 · wall_segment Palisade Wall x1 |
| 14:20 | nono12 · wall_segment Palisade Wall x1 |
| 14:22 | B. · age_up feudal |
| 14:53 | Yarcla · wall_segment Palisade Wall x6 |
| 15:00 | Kickerous · age_up feudal |
| 15:01 | Yarcla · first_building Barracks |
| 15:23 | Great Serbia · first_building Stable |
| 15:28 | busy pushing deer · first_building Barracks |
| 15:39 | Yarcla · wall_segment Palisade Wall x2 |
| 16:01 | Yarcla · first_building Stable |
| 16:38 | busy pushing deer · first_building Stable |
| 17:16 | [ARKP]Anthoxx · age_up castle |
| 17:33 | [ARKP]Anthoxx · first_market_sell 100 stone |
| 17:35 | [ARKP]Anthoxx · first_market_buy 100 wood |
| 17:48 | busy pushing deer · age_up castle |
| 18:00 | B. · first_market_sell 100 wood |
| 18:01 | B. · age_up castle |
| 18:01 | B. · first_market_buy 100 stone |
| 18:09 | B. · first_building Castle |
| 18:23 | B. · wall_segment Palisade Wall x1 |
| 18:41 | nono12 · wall_segment Palisade Wall x1 |
| 18:42 | nono12 · wall_segment Palisade Wall x1 |
| 18:54 | [ARKP]Anthoxx · wall_segment Palisade Wall x1 |
| 19:02 | busy pushing deer · first_market_sell 100 wood |
| 19:34 | nono12 · age_up castle |
| 20:14 | nono12 · first_building Krepost |
| 20:37 | Yarcla · age_up castle |
| 20:38 | nono12 · first_market_sell 100 wood |
| 20:39 | nono12 · first_market_buy 100 food |
| 21:58 | Yarcla · first_building Castle |
| 22:09 | busy pushing deer · first_building Monastery |
| 22:33 | Kickerous · first_market_buy 100 stone |
| 22:54 | Kickerous · age_up castle |
| 23:17 | Kickerous · first_building Castle |
| 23:38 | B. · first_building Siege Workshop |
| 25:21 | nono12 · wall_segment Stone Wall x5 |
| 25:26 | [ARKP]Anthoxx · first_building Barracks |
| 25:29 | [ARKP]Anthoxx · first_building Monastery |
| 28:12 | Kickerous · wall_segment Palisade Wall x1 |
| 28:14 | Kickerous · wall_segment Palisade Wall x1 |
| 29:35 | Great Serbia · age_up castle |
| 29:43 | [ARKP]Anthoxx · age_up imperial |
| 31:01 | Yarcla · first_building Siege Workshop |
| 31:22 | busy pushing deer · first_building Castle |
| 32:11 | Great Serbia · first_building Castle |
| 32:33 | busy pushing deer · first_building Siege Workshop |
| 33:38 | Yarcla · wall_segment Stone Wall x21 |
| 35:42 | busy pushing deer · resign |
[ AI ANALYSIS · 1 CREDIT ]
What really happened in this match?
Wolo.gg analyzes every decision: build order, eco, micro, common mistakes by bracket. Personalized analysis on WhatsApp or Discord in 30 seconds.
Civ guide
Slavs
Map guide
African Clearing
Perfil
Jugador #965639